 Dungeon Crawl Stone Soup version 0.29.0-7-g18a832c13a (webtiles) character file.

Game seed: 11309278186105745588

5 gelatine the Stinger (level 1, 0/15 HPs)
             Began as a Naga Venom Mage on Aug 31, 2022.
             Was a Follower of Uskayaw.
             Frozen to death by an endoplasm (5 damage)
             ... on level 1 of the Dungeon.
             The game lasted 00:00:38 (209 turns).

gelatine the Stinger (Naga Venom Mage)               Turns: 209, Time: 00:00:39

Health: 0/15       AC:  1    Str: 10    XL:     1   Next: 80%
Magic:  0/3        EV:  9    Int: 15    God:    Uskayaw [*.....]
Gold:   15         SH:  0    Dex: 11    Spells: 3/4 levels left

rFire   . . .      SeeInvis +   (no weapon)
rCold   . . .      Faith    .   (no shield)
rNeg    . . .      Spirit   .   a - +0 robe
rPois   +          Reflect  .   (no helmet)
rElec   .          Harm     .   (no cloak)
rCorr   .          Rampage  .   (no gloves)
Will    .....                   (no barding)
Stlth   ++........              (no amulet)
HPRegen 0.05/turn               (no ring)
MPRegen 0.08/turn               (no ring)

@: very slow
A: AC +0, large, see invisible, deformed body, poison resistance, slowness 2,
spit poison 1, naga tail 1
a: Spit Poison, Renounce Religion, Stomp


You were on level 1 of the Dungeon.
You worshipped Uskayaw.
Uskayaw was noncommittal.
You visited 1 branch of the dungeon, and saw 1 of its levels.

You collected 15 gold pieces.

Inventory:

Armour
 a - a +0 robe (worn)
Potions
 b - a potion of magic
 c - a potion of lignification {unknown}


   Skills:
 + Level 1.5 Dodging
 + Level 3.2 Stealth
 + Level 2.0 Spellcasting
 + Level 1.3 Transmutations
 + Level 4.2 Poison Magic


You had 3 spell levels left.
You knew the following spells:

 Your Spells              Type           Power      Damage    Failure   Level
a - Sting                 Tmut/Pois      36%        1d4       7%          1

Your spell library contained the following spells:

 Spells                   Type           Power      Damage    Failure   Level
 Poisonous Vapours        Pois/Air       14%        N/A       14%         2
 Mephitic Cloud           Conj/Pois/Air  5%         N/A       36%         3
 Olgreb's Toxic Radiance  Pois           14%        N/A       36%         4


Dungeon Overview and Level Annotations

Branches:
Dungeon (1/15)

Altars:
Uskayaw


Innate Abilities, Weirdness & Mutations

Your serpentine skin is tough. (AC +0)
You have supernaturally acute eyesight. (SInv)
Armour fits poorly on your strangely shaped body.
Your system is resistant to poisons. (rPois)
You cover ground very slowly.
You can spit poison.
You have a snake-like lower body.


Message History

The sting hits the giant cockroach.
The giant cockroach is poisoned.
The giant cockroach is heavily wounded.
The sting hits the giant cockroach.
The giant cockroach looks even sicker.
You kill the giant cockroach!
You see here a giant cockroach corpse.
A giant cockroach comes into view.
Found an escape hatch in the floor.
The sting hits the giant cockroach but does no damage.
The giant cockroach is poisoned.
The sting hits the giant cockroach but does no damage.
The giant cockroach looks even sicker.
The giant cockroach is severely wounded.
You kill the giant cockroach!
Found a leather armour.
You now have 15 gold pieces (gained 7).
c - a white potion An endoplasm and a kobold come into view.
The sting hits the endoplasm but does no damage.
The endoplasm is poisoned.
The endoplasm freezes you.
You are frozen.
The sting hits the endoplasm.
The endoplasm partially resists.
The endoplasm is lightly wounded.
The endoplasm closely misses you.
The sting hits the endoplasm.
The endoplasm partially resists.
The endoplasm is moderately wounded.
The endoplasm hits you.
You hit the endoplasm but do no damage.
The endoplasm is moderately wounded.
The kobold shouts!
The endoplasm freezes you.
You are frozen.
You barely miss the endoplasm.
The endoplasm is moderately wounded.
The endoplasm barely misses you.
You completely miss the endoplasm.
The endoplasm is moderately wounded.
The endoplasm freezes you.
You are frozen.
You die...

.#####.. ..#####
.###...# #[....#
.......# #.##..#
.###.#.###.##..#
.###.#.....#...#
..##.##.....#..####
.#.#.##.##.###....#
.##..##.#.## ##.#.#
.........#######@.#
..........†>....#J#
.#.#......#####. .#
..#####...# #. K.
## #...# #. ...
###.# #. .### .# #.
.# .. .. .# #.#


You could see an endoplasm (poisoned) and a kobold.

Vanquished Creatures
  A bat (D:1)
  2 giant cockroaches (D:1)
  A goblin (D:1)
  A rat (D:1)
5 creatures vanquished.

Notes
Turn   | Place    | Note
-------+----------+-------------------------------------------
     0 | D:1      | gelatine the Naga Venom Mage began the quest for the Orb.
     0 | D:1      | Reached XP level 1. HP: 15/15 MP: 3/3
    35 | D:1      | Found a faded altar of an unknown god.
    47 | D:1      | Prayed at the altar of an unknown god.
    47 | D:1      | Became a worshipper of Uskayaw the Reveller
    47 | D:1      | Reached * piety under Uskayaw
   209 | D:1      | Frozen to death by an endoplasm

Illustrated notes

Levels and vault maps discovered:
D:1:      ncdulo_smallfort, layout_loops_ring,
          chequers_ecumenical_altar_simple_redux

Action                   || total
-------------------------++-------
Melee: Unarmed           ||     7
 Cast: Sting             ||     9
 Abil: Spit Poison       ||     1
Armor: Robe              ||     1
Dodge: Dodged            ||     7
